AoeStats
← veron no se rindió

Arena

508064002Analyzed
2v2 RM · 13d ago on Sep 20, 2026· 71m 50s· 4 players
Game mode
Random Map
Map size
Medium (4 player)
Population
200
Speed
Normal
Resources
Standard
Victory
Conquest
Starting age
Dark Age
Ending age
Imperial Age
RankedLock teamsTeams togetherTeam positionsShared explorationLock speedFull tech treeHidden civsTurbo modeCheats
Victory
Defeat
🇦🇷 Portuguese · Argentina
654
+13
🇮🇳 Franks · India
574
+17
🇪🇸 Japanese · Spain
622
-16
🇪🇸 Celts · Spain
568
-14
zenpegasus4
9:44 Loom
13:25 Feudal Age
14:32 Horse Collar
14:41 Double-Bit Axe
21:47 Castle Age
20:18 Gold Mining
23:34 Bow Saw
23:58 Coinage
23:24 Fletching
24:06 Pikeman
25:49 Wheelbarrow
25:19 Heavy Plow
25:09 Town Watch
27:52 Thumb Ring
28:04 Bodkin Arrow
31:33 Ballistics
33:43 Pikeman
34:41 Hand Cart
34:30 Town Patrol
34:28 Guard Tower
34:41 Padded Archer Armor
34:48 Caravan
35:38 Elite Skirmisher
37:31 Herbal Medicine
48:51 Imperial Age
46:45 Light Cavalry
47:37 Bloodlines
47:31 Husbandry
47:57 Squires
49:13 Onager
49:40 Onager
50:38 Siege Engineers
56:40 Forging
57:54 Scale Barding Armor
59:19 Chain Barding Armor
ekansdilos_
2:01 Loom
10:27 Feudal Age
11:55 Wheelbarrow
11:05 Town Watch
11:09 Double-Bit Axe
20:57 Castle Age
19:10 Horse Collar
19:21 Fletching
19:56 Arson
20:05 Stone Mining
20:09 Gold Mining
20:40 Forging
21:58 Hand Cart
21:44 Town Patrol
22:03 Bodkin Arrow
22:53 Heavy Plow
23:55 Pikeman
24:40 Town Patrol
33:49 Ballistics
33:25 Murder Holes
33:44 Masonry
33:26 Guard Tower
33:17 Treadmill Crane
33:48 Scale Mail Armor
34:32 Iron Casting
34:03 Husbandry
33:24 Light Cavalry
38:16 Imperial Age
38:28 Halberdier
38:31 Heavy Scorpion
41:59 Sanctity
41:50 Fervor
41:55 Arrowslits
43:11 Chemistry
42:22 Fortified Wall
42:47 Keep
42:18 Siege Engineers
42:33 Bow Saw
43:01 Gold Shaft Mining
43:04 Stone Shaft Mining
46:12 Conscription
45:13 Elite Woad Raider
47:35 Cavalier
51:49 Blast Furnace
51:04 Chain Mail Armor
50:56 Scale Barding Armor
50:13 Paladin
50:24 Hussar
55:52 Conscription
56:10 Hoardings
64:56 Elite Woad Raider
68:17 Chain Barding Armor
68:28 Plate Mail Armor
Shirah
6:35 Loom
15:10 Feudal Age
16:26 Wheelbarrow
15:46 Double-Bit Axe
17:01 Gold Mining
17:51 Stone Mining
18:00 Man-at-Arms
25:14 Castle Age
26:13 Hand Cart
26:37 Gold Shaft Mining
26:17 Bow Saw
26:07 Long Swordsman
26:13 Pikeman
32:35 Elite Skirmisher
41:24 Imperial Age
44:07 Chemistry
44:34 Elite Throwing Axeman
48:21 Cavalier
55:55 Scale Mail Armor
56:00 Scale Barding Armor
55:46 Fletching
55:56 Padded Archer Armor
56:07 Forging
56:14 Masonry
58:18 Chain Mail Armor
58:24 Chain Barding Armor
58:19 Leather Archer Armor
57:59 Bodkin Arrow
62:34 Halberdier
veron no se rindió
10:52 Feudal Age
12:07 Horse Collar
13:59 Double-Bit Axe
20:57 Castle Age
18:55 Gold Mining
18:56 Stone Mining
22:39 Bow Saw
28:37 Stone Shaft Mining
28:04 Heavy Plow
28:18 Forging
32:27 Fletching
32:37 Padded Archer Armor
35:06 Wheelbarrow
35:19 Pikeman
36:15 Crossbowman
36:20 Man-at-Arms
36:46 Gambesons
37:27 Thumb Ring
40:06 Imperial Age
37:55 Hand Cart
37:27 Long Swordsman
37:51 Elite Skirmisher
39:50 Ballistics
41:56 Chemistry
44:00 Arquebus
43:22 Elite Organ Gun
44:50 Arbalester
57:40 Leather Archer Armor
57:20 Bodkin Arrow
58:01 Iron Casting
57:30 Circumnavigation
57:33 Halberdier
66:48 Two-Man Saw
66:23 Crop Rotation
66:03 Siege Engineers
Connection lost

Rejoining the realm…

Still unreachable

The connection could not be restored.

Session expired

The server has moved on; the page needs a fresh start.